 Dungeon Crawl Stone Soup version 0.28-a0-1622-gc30f734a66 (webtiles) character file.

Game seed: 16001575495745199469

58 Bzinder the Vexing (level 3, -2/16 HPs)
             Began as a Spriggan Enchanter on Jan 23, 2022.
             Slain by a howler monkey skeleton (5 damage)
             ... on level 2 of the Dungeon.
             The game lasted 00:02:33 (2005 turns).

Bzinder the Vexing (Spriggan Enchanter)             Turns: 2005, Time: 00:02:34

Health: -2/16      AC:  2    Str:  6    XL:     3   Next: 76%
Magic:  9/9        EV: 17    Int: 16    God:
Gold:   37         SH:  0    Dex: 15    Spells: 2/10 levels left

rFire   . . .      SeeInvis +   a - +2 dagger
rCold   . . .      Faith    .   (no shield)
rNeg    . . .      Spirit   .   b - +0 robe
rPois   .          Reflect  .   (helmet restricted)
rElec   .          Harm     .   (no cloak)
rCorr   .          Rampage  .   (gloves unavailable)
Will    .....                   (boots unavailable)
Stlth   +++.......              (no amulet)
HPRegen 0.05/turn               (no ring)
MPRegen 0.11/turn               (no ring)

@: very quick
A: very small, no large weapons, unfitting armour, see invisible, speed 3
a: no special abilities


You were on level 2 of the Dungeon.
You visited 1 branch of the dungeon, and saw 2 of its levels.

You collected 37 gold pieces.

Inventory:

Hand Weapons
 a - a +2 dagger (weapon)
Armour
 b - a +0 robe (worn)
Potions
 c - a potion of invisibility
 d - a potion of magic
 f - a potion of flight
 g - a potion of haste


   Skills:
 - Level 1.1 Short Blades
 - Level 2.6 Dodging
 - Level 4.4 Stealth
 + Level 4.1 Spellcasting
 + Level 4.8 Hexes


You had 2 spell levels left.
You knew the following spells:

 Your Spells              Type           Power      Damage    Failure   Level
a - Ensorcelled Hibernat  Hex/Ice        22%        N/A       10%         2
b - Tukima's Dance        Hex            18%        N/A       7%          3
c - Dazzling Flash        Conj/Hex       22%        N/A       19%         3

Your spell library contained the following spells:

 Spells                   Type           Power      Damage    Failure   Level
 Confusing Touch          Hex            18%        N/A       7%          3


Dungeon Overview and Level Annotations

Branches:
Dungeon (2/15)

Altars:


Innate Abilities, Weirdness & Mutations

You are very small and have problems with some larger weapons.
You are too small for most types of armour.
You have supernaturally acute eyesight. (SInv)
You cover ground extremely quickly. (Speed+++)


Message History

There is an open door here.
A bat comes into view.
You barely miss the howler monkey skeleton.
The howler monkey skeleton hits you.
You hit the howler monkey skeleton.
The howler monkey skeleton is lightly damaged.
The howler monkey skeleton closely misses you.
You barely miss the howler monkey skeleton.
The howler monkey skeleton is lightly damaged.
The howler monkey skeleton hits you.
You hit the howler monkey skeleton.
The howler monkey skeleton is moderately damaged.
The howler monkey skeleton hits you.
You are too injured to fight recklessly!
You are too injured to fight recklessly!
You are too injured to fight recklessly!
There is an open door here.
You hit the howler monkey skeleton.
The howler monkey skeleton is moderately damaged.
The howler monkey skeleton hits you but does no damage.
You hit the howler monkey skeleton but do no damage.
The howler monkey skeleton is moderately damaged.
The howler monkey skeleton hits you.
* * * LOW HITPOINT WARNING * * *
You hit the howler monkey skeleton.
The howler monkey skeleton is heavily damaged.
You hit the howler monkey skeleton.
The howler monkey skeleton is severely damaged.
The howler monkey skeleton barely misses you.
You barely miss the howler monkey skeleton.
The howler monkey skeleton is severely damaged.
The howler monkey skeleton hits you.
* * * LOW HITPOINT WARNING * * *
You hit the howler monkey skeleton.
The howler monkey skeleton is severely damaged.
The howler monkey skeleton completely misses you.
You hit the howler monkey skeleton.
The howler monkey skeleton is severely damaged.
The howler monkey skeleton hits you.
You die...

#.###.###.###.##.#
#................#
#####.#######.####
#....#.# #+##
#####.###.##
##...## #......####
##.....##
#.###..†##
##...$...## #
#....####.........#
#
#....@Z.'.........+
..
#....####........b#
## ##..##
##.......## # #..#
##.....## ....#
##...## ####.# #+##
#.# #.#


You could see a howler monkey skeleton.

Vanquished Creatures
  Natasha (D:2)
  A worm (D:2)
  4 endoplasms
  A giant cockroach (D:1)
  4 goblins
  3 hobgoblins
  2 quokkas
  A ball python (D:2)
  5 bats
  2 frilled lizards (D:1)
  3 kobolds
  A rat (D:2)
28 creatures vanquished.

Notes
Turn   | Place    | Note
-------+----------+-------------------------------------------
     0 | D:1      | Bzinder the Spriggan Enchanter began the quest for the Orb.
     0 | D:1      | Reached XP level 1. HP: 9/9 MP: 5/5
   441 | D:1      | Reached XP level 2. HP: 13/13 MP: 7/7
   444 | D:1      | Learned a level 2 spell: Ensorcelled Hibernation
   843 | D:1      | You fall into a shaft and drop 1 floor!
  1361 | D:2      | Noticed Natasha
  1364 | D:2      | Killed Natasha
  1365 | D:2      | Reached XP level 3. HP: 16/16 MP: 9/9
  1369 | D:2      | Learned a level 3 spell: Tukima's Dance
  1373 | D:2      | Learned a level 3 spell: Dazzling Flash
  1580 | D:2      | Found a faded altar of an unknown god.
  2005 | D:2      | Slain by a howler monkey skeleton

Illustrated notes

Levels and vault maps discovered:
D:1:      dpeg_arrival_tiny_a, layout_basic, hangedman_decor_diamond_cutter
D:2:      layout_loops_corners, basic_ecumenical_altar,
          minmay_misc_feat_ornament, uniq_terence, uniq_sigmund, uniq_natasha

Skill      XL: |  1  2  3 |
---------------+----------+-----
Spellcasting   | 3 4 |  4.1
Hexes          | 4 |  4.8
Short Blades   | |  1.1
Dodging        | |  2.6
Stealth        | |  4.4

Action                   || total
-------------------------++-------
Melee: Dagger            ||    81
 Cast: Ensorcelled Hiber ||     4
  Use: Scroll            ||     5
 Stab: Sleeping          ||    13
Armor: Robe              ||     7
Dodge: Dodged            ||    49

Table legend: (Time is in decaauts)
 A = Elapsed time spent in this place.
 B = Non-inter-level travel time spent in this place.
 C = Inter-level travel time spent in this place.
 D = Time resting spent in this place.
 E = Time spent auto-exploring this place.
 F = Levels seen in this place.
 G = Mean time per level.
                   A        B        C        D        E       F      G
               +--------+--------+--------+--------+--------+-----+--------+
         Total |   1469 |   1438 |     31 |      0 |   1232 |   2 |  734.5 |
       Dungeon |   1469 |   1438 |     31 |      0 |   1232 |   2 |  734.5 |
               +--------+--------+--------+--------+--------+-----+--------+

Top non-repeatable levels by time:
     D:2: 775 daAuts
     D:1: 693 daAuts
